PAAA
ELLENBURG FIGHTING DACHSUNDS @ BLOOMINGTON LONGNECKS
07/30/2021
 
TOP OF THE 1ST
Ellenburg Fighting Dachsunds batting - Pitching for Bloomington Longnecks : RHP Graham Wilson
Pitching: RHP Graham Wilson
Batting: RHB Travis Lee 0-0: Ball
1-0: Fly out, F8 (Line Drive, 8RXD)
Batting: LHB Salvador Vidal 0-0: Reached on error, E3 (Groundball, 3)
Batting: SHB Orlando Deleón 0-0: Called Strike
0-1: Ball
1-1: Ball
2-1: Foul Ball, location: 2F
Single, Error in OF, E9, batter to second base
Salvador Vidal to third
Batting: LHB Yannick Hendriksen 0-0: Called Strike
0-1: SINGLE (Groundball, 4M)
Salvador Vidal scores
Orlando Deleón to third
Runner from 3rd tries for Home, SAFE, throw made home
Batting: SHB Carlos Carranza 0-0: Swinging Strike
0-1: Ball
1-1: Ground out 3-1 (Groundball, 34)
Yannick Hendriksen to second
Batting: LHB Rick Harrison 0-0: Ball
1-0: Ground out 1-3 (Groundball, 13S)
Top of the 1st over - 2 run(s), 2 hit(s), 2 error(s), 1 left on base; Ellenburg 2 - Bloomington 0
BOTTOM OF THE 1ST
Bloomington Longnecks batting - Pitching for Ellenburg Fighting Dachsunds : RHP Ricardo Gómez
Pitching: RHP Ricardo Gómez
Batting: LHB John Doyle 0-0: Ball
1-0: Ball
2-0: Called Strike
2-1: Called Strike
2-2: Ball
3-2: Fly out, F6 (Line Drive, 6)
Batting: RHB Mike Neal 0-0: Ball
1-0: Ball
2-0: Called Strike
2-1: Ball
3-1: Ground out 6-3 (Groundball, 6)
Batting: RHB Tom Potts 0-0: Ground out 6-3 (Groundball, 6)
Bottom of the 1st over - 0 run(s), 0 hit(s), 0 error(s), 0 left on base; Ellenburg 2 - Bloomington 0
TOP OF THE 2ND
Ellenburg Fighting Dachsunds batting - Pitching for Bloomington Longnecks : RHP Graham Wilson
Batting: RHB Gerald Ambler 0-0: Foul Ball, location: 2F
0-1: Ball
1-1: Foul Ball, location: 2F
1-2: Foul Ball, location: 2F
1-2: Ball
2-2: Foul Ball, location: 2F
2-2: Ball
3-2: Foul Ball, location: 2F
3-2: Strikes out swinging
Batting: RHB Kade Knowles 0-0: Called Strike
0-1: Ball
1-1: Swinging Strike
1-2: Ball
2-2: Foul Ball, location: 2F
2-2: SINGLE (Popup, 78S)
Batting: LHB Ramón Hernández 0-0: Foul Ball, location: 2F
0-1: Called Strike
0-2: Ball
1-2: Ball
2-2: Fly out, F8 (Line Drive, 8LM)
Batting: RHB Travis Lee 0-0: Ball
Passed Ball!
Kade Knowles to second
1-0: Ball
2-0: Ball
3-0: Called Strike
3-1: Fly out, F7 (Line Drive, 7M)
Top of the 2nd over - 0 run(s), 1 hit(s), 0 error(s), 1 left on base; Ellenburg 2 - Bloomington 0
BOTTOM OF THE 2ND
Bloomington Longnecks batting - Pitching for Ellenburg Fighting Dachsunds : RHP Ricardo Gómez
Batting: RHB Darrell Terwey 0-0: Ball
1-0: Ball
2-0: Ground out 5-3 (Groundball, 56)
Batting: RHB Kyle Bridges 0-0: Foul Ball, location: 2F
0-1: Foul Ball, location: 2F
0-2: Strikes out swinging
Batting: RHB Michael Hicks 0-0: Foul Ball, location: 2F
0-1: Ball
1-1: Ball
2-1: Foul Ball, location: 2F
2-2: Ball
3-2: SINGLE (Line Drive, 56D)
Batting: RHB Noel Livingston 0-0: Foul Ball, location: 2F
0-1: Swinging Strike
0-2: Ball
1-2: Foul Ball, location: 2F
1-2: Fly out, F7 (Flyball, 78M)
Bottom of the 2nd over - 0 run(s), 1 hit(s), 0 error(s), 1 left on base; Ellenburg 2 - Bloomington 0
TOP OF THE 3RD
Ellenburg Fighting Dachsunds batting - Pitching for Bloomington Longnecks : RHP Graham Wilson
Batting: LHB Salvador Vidal 0-0: Ball
1-0: SINGLE (Line Drive, 6D)
Batting: SHB Orlando Deleón 0-0: Ball
1-0: Ground out 4-3 (Groundball, 4M)
Salvador Vidal to second
Batting: LHB Yannick Hendriksen 0-0: Ball
1-0: Ball
2-0: Ball
3-0: Called Strike
3-1: Base on Balls
Batting: SHB Carlos Carranza 0-0: Called Strike
0-1: Swinging Strike
0-2: Ball
1-2: Ball
2-2: Strikes out swinging
Batting: LHB Rick Harrison 0-0: Ball
1-0: Ball
2-0: Called Strike
2-1: Called Strike
2-2: SINGLE (Line Drive, 89S)
Salvador Vidal to third
Yannick Hendriksen to second
Runner from 3rd tries for Home, SAFE, no throw or cutoff
Batting: RHB Gerald Ambler 0-0: Called Strike
0-1: Ball
1-1: Ball
2-1: Ground out 6-3 (Groundball, 6)
Top of the 3rd over - 1 run(s), 2 hit(s), 0 error(s), 2 left on base; Ellenburg 3 - Bloomington 0
BOTTOM OF THE 3RD
Bloomington Longnecks batting - Pitching for Ellenburg Fighting Dachsunds : RHP Ricardo Gómez
Batting: LHB Carl Pierce 0-0: Ball
1-0: Foul Ball, location: 2F
1-1: Ball
2-1: Swinging Strike
2-2: Foul Ball, location: 2F
2-2: Foul Ball, location: 2F
2-2: Foul Ball, location: 2F
2-2: Ball
3-2: Strikes out swinging
Batting: SHB Jack Bell 0-0: Called Strike
0-1: Ball
1-1: Foul Ball, location: 2F
1-2: Strikes out swinging
Batting: LHB John Doyle 0-0: Swinging Strike
0-1: Ball
1-1: Ball
2-1: Fly out, F7 (Flyball, 7S)
Bottom of the 3rd over - 0 run(s), 0 hit(s), 0 error(s), 0 left on base; Ellenburg 3 - Bloomington 0
TOP OF THE 4TH
Ellenburg Fighting Dachsunds batting - Pitching for Bloomington Longnecks : RHP Graham Wilson
Batting: RHB Kade Knowles 0-0: Fly out, F8 (Flyball, 8RM)
Batting: LHB Ramón Hernández 0-0: Ball
1-0: DOUBLE (Line Drive, 78M)
Batting: RHB Travis Lee 0-0: Ball
1-0: Fly out, F8 (Line Drive, 8LXD)
Runner from 2nd tags up, SAFE at 3rd, no throw
Batting: LHB Salvador Vidal 0-0: Called Strike
0-1: Ball
1-1: Ball
2-1: Fly out, F7 (Flyball, 7S)
Top of the 4th over - 0 run(s), 1 hit(s), 0 error(s), 1 left on base; Ellenburg 3 - Bloomington 0
BOTTOM OF THE 4TH
Bloomington Longnecks batting - Pitching for Ellenburg Fighting Dachsunds : RHP Ricardo Gómez
Batting: RHB Mike Neal 0-0: Ball
1-0: SINGLE (Groundball, 56)
Batting: RHB Tom Potts 0-0: Called Strike
0-1: Ball
1-1: Ball
2-1: Ball
3-1: Ground out 5-3 (Groundball, 56S)
Mike Neal to second
Batting: RHB Darrell Terwey 0-0: Ball
1-0: Ball
2-0: Swinging Strike
2-1: Fly out, F9 (Flyball, 89M)
Batting: RHB Kyle Bridges 0-0: Ball
1-0: Ground out 5-3 (Groundball, 5)
Bottom of the 4th over - 0 run(s), 1 hit(s), 0 error(s), 1 left on base; Ellenburg 3 - Bloomington 0
TOP OF THE 5TH
Ellenburg Fighting Dachsunds batting - Pitching for Bloomington Longnecks : RHP Graham Wilson
Batting: SHB Orlando Deleón 0-0: Foul Ball, location: 2F
0-1: Swinging Strike
0-2: Strikes out swinging
Batting: LHB Yannick Hendriksen 0-0: Ball
1-0: Ball
2-0: Ball
3-0: Called Strike
3-1: Base on Balls
Batting: SHB Carlos Carranza 0-0: Ball
1-0: Fly out, F8 (Popup, 89S)
Batting: LHB Rick Harrison 0-0: Called Strike
0-1: Swinging Strike
0-2: Foul Ball, location: 2F
0-2: Ball
1-2: Foul Ball, location: 2F
1-2: DOUBLE (Line Drive, 9LS)
Yannick Hendriksen to third
Batting: RHB Gerald Ambler 0-0: Foul Ball, location: 2F
0-1: Swinging Strike
0-2: DOUBLE (Flyball, 78D)
Yannick Hendriksen scores
Rick Harrison scores
Batting: RHB Kade Knowles 0-0: Ball
1-0: Ball
2-0: Called Strike
2-1: SINGLE (Groundball, 56D)
Gerald Ambler to third
Runner from 3rd tries for Home, SAFE, no throw or cutoff
Batting: LHB Ramón Hernández 0-0: Ball
1-0: Fly out, F6 (Popup, 6MD)
Top of the 5th over - 3 run(s), 3 hit(s), 0 error(s), 1 left on base; Ellenburg 6 - Bloomington 0
BOTTOM OF THE 5TH
Bloomington Longnecks batting - Pitching for Ellenburg Fighting Dachsunds : RHP Ricardo Gómez
Batting: RHB Michael Hicks 0-0: Swinging Strike
0-1: Called Strike
0-2: Ball
1-2: Ground out 6-3 (Groundball, 6)
Batting: RHB Noel Livingston 0-0: Swinging Strike
0-1: Foul Ball, location: 2F
0-2: Ball
1-2: Strikes out looking
Batting: LHB Carl Pierce 0-0: Ball
1-0: Ground out 1-3 (Groundball, 13)
Bottom of the 5th over - 0 run(s), 0 hit(s), 0 error(s), 0 left on base; Ellenburg 6 - Bloomington 0
TOP OF THE 6TH
Ellenburg Fighting Dachsunds batting - Pitching for Bloomington Longnecks : RHP Graham Wilson
Pitching: RHP Gilberto Flores
Batting: RHB Travis Lee 0-0: Swinging Strike
0-1: Called Strike
0-2: Foul Ball, location: 2F
0-2: Ball
1-2: Foul Ball, location: 2F
1-2: Foul Ball, location: 2F
1-2: Strikes out swinging
Batting: LHB Salvador Vidal 0-0: Foul Ball, location: 2F
0-1: SINGLE (Line Drive, 6D)
Batting: SHB Orlando Deleón 0-0: Called Strike
0-1: Hit by Pitch
Salvador Vidal to second
Batting: LHB Yannick Hendriksen 0-0: Ball
1-0: Foul Ball, location: 2F
1-1: Foul Ball, location: 2F
1-2: Hit by Pitch
Salvador Vidal to third
Orlando Deleón to second
Batting: SHB Carlos Carranza 0-0: Fly out, F6 (Popup, 6D)
Batting: LHB Rick Harrison 0-0: Ball
1-0: Ball
2-0: Foul Ball, location: 2F
2-1: Swinging Strike
2-2: Ball
3-2: Ground out 3-1 (Groundball, 34)
Top of the 6th over - 0 run(s), 1 hit(s), 0 error(s), 3 left on base; Ellenburg 6 - Bloomington 0
BOTTOM OF THE 6TH
Bloomington Longnecks batting - Pitching for Ellenburg Fighting Dachsunds : RHP Ricardo Gómez
Batting: SHB Jack Bell 0-0: Ball
1-0: Swinging Strike
1-1: Fly out, F7 (Line Drive, 78M)
Batting: LHB John Doyle 0-0: Ball
1-0: Called Strike
1-1: Called Strike
1-2: Foul Ball, location: 2F
1-2: Strikes out swinging
Batting: RHB Mike Neal 0-0: Called Strike
0-1: Ground out 6-3 (Groundball, 6)
Bottom of the 6th over - 0 run(s), 0 hit(s), 0 error(s), 0 left on base; Ellenburg 6 - Bloomington 0
TOP OF THE 7TH
Ellenburg Fighting Dachsunds batting - Pitching for Bloomington Longnecks : RHP Gilberto Flores
Batting: RHB Gerald Ambler 0-0: Ball
1-0: Called Strike
1-1: Swinging Strike
1-2: SINGLE (Groundball, 56D)
Batting: RHB Kade Knowles 0-0: Ball
1-0: Ball
2-0: Bunt missed!
2-1: Sac Bunt - play at second, runner OUT! 3-6
Batting: LHB Ramón Hernández 0-0: Called Strike
0-1: Foul Ball, location: 2F
0-2: Ball
1-2: Ball
2-2: Foul Ball, location: 2F
2-2: Strikes out swinging
Batting: RHB Travis Lee 0-0: Ball
Kade Knowles steals 2nd base
1-0: Foul Ball, location: 2F
1-1: Swinging Strike
1-2: Ball
2-2: Ball
3-2: Base on Balls
Batting: LHB Salvador Vidal 0-0: SINGLE (Line Drive, 5L)
Kade Knowles to third
Travis Lee to second
Batting: SHB Orlando Deleón 0-0: Fly out, F7 (Flyball, 7M)
Top of the 7th over - 0 run(s), 2 hit(s), 0 error(s), 3 left on base; Ellenburg 6 - Bloomington 0
BOTTOM OF THE 7TH
Bloomington Longnecks batting - Pitching for Ellenburg Fighting Dachsunds : RHP Ricardo Gómez
Batting: RHB Tom Potts 0-0: SINGLE (Groundball, 6MD) (infield hit)
Batting: RHB Darrell Terwey 0-0: Called Strike
0-1: Ball
1-1: Swinging Strike
1-2: Ball
2-2: Foul Ball, location: 2F
2-2: Foul Ball, location: 2F
2-2: Foul Ball, location: 2F
2-2: SINGLE (Groundball, 56D)
Tom Potts to second
Batting: RHB Kyle Bridges 0-0: Ball
1-0: Grounds into double play, 1-4-3 (Groundball, 23)
Tom Potts to third
Batting: RHB Michael Hicks 0-0: Ball
1-0: Foul Ball, location: 2F
1-1: Called Strike
1-2: Foul Ball, location: 2F
1-2: Strikes out swinging
Bottom of the 7th over - 0 run(s), 2 hit(s), 0 error(s), 1 left on base; Ellenburg 6 - Bloomington 0
TOP OF THE 8TH
Ellenburg Fighting Dachsunds batting - Pitching for Bloomington Longnecks : RHP Gilberto Flores
Batting: LHB Yannick Hendriksen 0-0: Foul Ball, location: 2F
0-1: Ball
1-1: Ball
2-1: Ground out 1-3 (Groundball, 13S)
Batting: SHB Carlos Carranza 0-0: Called Strike
0-1: Ball
1-1: Ball
2-1: Ball
3-1: Base on Balls
Batting: LHB Rick Harrison 0-0: DOUBLE (Flyball, 89XD)
Carlos Carranza to third
Runner from 3rd tries for Home, SAFE, no throw or cutoff
Pitching: RHP Santiago Hernández
Batting: RHB Gerald Ambler 0-0: Ground out 6-3 (Groundball, 6)
Batting: RHB Kade Knowles 0-0: Fly out, F7 (Flyball, 7LM)
Top of the 8th over - 1 run(s), 1 hit(s), 0 error(s), 1 left on base; Ellenburg 7 - Bloomington 0
BOTTOM OF THE 8TH
Bloomington Longnecks batting - Pitching for Ellenburg Fighting Dachsunds : RHP Ricardo Gómez
Now at 3B: José Bocanegra
Batting: RHB Noel Livingston 0-0: Foul Ball, location: 2F
0-1: SINGLE (Line Drive, 56D)
Batting: LHB Carl Pierce 0-0: Called Strike
0-1: Ball
1-1: Foul Ball, location: 2F
1-2: Fly out, F7 (Flyball, 7M)
Batting: SHB Jack Bell 0-0: Ball
1-0: Swinging Strike
1-1: Ball
Wild Pitch!
Noel Livingston to second
2-1: Foul Ball, location: 2F
2-2: Strikes out looking
Batting: LHB John Doyle 0-0: Ground out 4-3 (Groundball, 4)
Bottom of the 8th over - 0 run(s), 1 hit(s), 0 error(s), 1 left on base; Ellenburg 7 - Bloomington 0
TOP OF THE 9TH
Ellenburg Fighting Dachsunds batting - Pitching for Bloomington Longnecks : RHP Santiago Hernández
Batting: LHB Ramón Hernández 0-0: Ball
1-0: Foul Ball, location: 2F
1-1: Hit by Pitch
Batting: RHB Travis Lee 0-0: Ball
1-0: Bunted foul
1-1: Bunted foul
1-2: Ball
2-2: Ball
3-2: Grounds into double play, 6-4-3 (Groundball, 6M)
Batting: LHB Salvador Vidal 0-0: Ball
1-0: Ball
2-0: Fly out, F6 (Popup, 4MD)
Top of the 9th over - 0 run(s), 0 hit(s), 0 error(s), 0 left on base; Ellenburg 7 - Bloomington 0
BOTTOM OF THE 9TH
Bloomington Longnecks batting - Pitching for Ellenburg Fighting Dachsunds : RHP Ricardo Gómez
Batting: RHB Mike Neal 0-0: Ball
1-0: Foul Ball, location: 2F
1-1: Fly out, F7 (Line Drive, 78S)
Batting: RHB Tom Potts 0-0: Called Strike
0-1: Swinging Strike
0-2: Ball
1-2: Ball
2-2: SINGLE (Flyball, 56D)
Batting: RHB Darrell Terwey 0-0: Ball
1-0: Grounds into double play, 5-4-3 (Groundball, 56)
Bottom of the 9th over - 0 run(s), 1 hit(s), 0 error(s), 0 left on base; Ellenburg 7 - Bloomington 0
This league is powered by Out of the Park Baseball, the baseball management simulation game for PC, Mac and Linux
Friday, January 22nd, 2016 - OOTP Baseball 16.9 Build 39